TOP OF THE 1ST |
Birmingham Steeldogs batting - Pitching for Jersey Shore D-Bags : LHP Ramón Ruíz
|
Pitching: LHP Ramón Ruíz
|
|
Batting: LHB Glenn Garrett
|
0-0: Ball 1-0: Called Strike 1-1: Ball 2-1: Foul Ball, location: 2F 2-2: Ball 3-2: Foul Ball, location: 2F 3-2: Ground out 1-3 (Groundball, 15)
|
Batting: RHB Paço Ttes
|
0-0: Ball 1-0: Called Strike 1-1: Ball 2-1: Ground out 6-3 (Groundball, 4M)
|
Batting: LHB Chris Miller
|
0-0: Called Strike 0-1: Ball 1-1: Ball 2-1: Called Strike 2-2: Ground out 3-1 (Groundball, 34)
|
Top of the 1st over - 0 run(s), 0 hit(s), 0 error(s), 0 left on base; Birmingham 0 - Jersey Shore 0 |
BOTTOM OF THE 1ST |
Jersey Shore D-Bags batting - Pitching for Birmingham Steeldogs : RHP Arthur Green
|
Pitching: RHP Arthur Green
|
|
Batting: LHB Albert Morgan
|
0-0: Ball 1-0: Ball 2-0: Ball 3-0: Base on Balls
|
Batting: RHB Cy Keynes
|
0-0: Ball 1-0: Called Strike Albert Morgan is caught stealing 2nd base 1-1: Ball 2-1: Ground out 6-3 (Groundball, 6)
|
Batting: LHB Mike Bryant
|
0-0: Ball 1-0: Called Strike 1-1: Swinging Strike 1-2: Strikes out swinging
|
Bottom of the 1st over - 0 run(s), 0 hit(s), 0 error(s), 0 left on base; Birmingham 0 - Jersey Shore 0 |
TOP OF THE 2ND |
Birmingham Steeldogs batting - Pitching for Jersey Shore D-Bags : LHP Ramón Ruíz
|
Batting: LHB Arturo Molina
|
0-0: Ball 1-0: Ball 2-0: Ball 3-0: Foul Ball, location: 2F 3-1: Swinging Strike 3-2: Strikes out swinging
|
Batting: RHB Raúl Soto
|
0-0: Foul Ball, location: 2F 0-1: Ball 1-1: Foul Ball, location: 2F 1-2: Ground out 6-3 (Groundball, 6M)
|
Batting: SHB Jesús Ramírez
|
0-0: Ball 1-0: Ball 2-0: Ground out 5-3 (Groundball, 5S)
|
Top of the 2nd over - 0 run(s), 0 hit(s), 0 error(s), 0 left on base; Birmingham 0 - Jersey Shore 0 |
BOTTOM OF THE 2ND |
Jersey Shore D-Bags batting - Pitching for Birmingham Steeldogs : RHP Arthur Green
|
Batting: LHB Dave Dodd
|
0-0: Swinging Strike 0-1: Swinging Strike 0-2: Ball 1-2: Ground out 6-3 (Groundball, 6)
|
Batting: SHB Tadahisa Kisuki
|
0-0: Called Strike 0-1: Foul Ball, location: 2F 0-2: Ground out 4-3 (Groundball, 4M)
|
Batting: RHB Ricardo González
|
0-0: Ball 1-0: Ball 2-0: Ball 3-0: Called Strike 3-1: Foul Ball, location: 2F 3-2: Ground out 3-1 (Groundball, 34)
|
Bottom of the 2nd over - 0 run(s), 0 hit(s), 0 error(s), 0 left on base; Birmingham 0 - Jersey Shore 0 |
TOP OF THE 3RD |
Birmingham Steeldogs batting - Pitching for Jersey Shore D-Bags : LHP Ramón Ruíz
|
Batting: LHB Mitchell Oglethorpe
|
0-0: Ball 1-0: Ball 2-0: Foul Ball, location: 2F 2-1: Called Strike 2-2: Foul Ball, location: 2F 2-2: Fly out, F8 (Flyball, 8LS)
|
Batting: LHB Ben Kelley
|
0-0: Called Strike 0-1: Ball 1-1: Ball 2-1: Foul Ball, location: 2F 2-2: Ground out 6-3 (Groundball, 6M)
|
Batting: RHB Mario Hernández
|
0-0: Ball 1-0: Called Strike 1-1: Foul Ball, location: 2F 1-2: Foul Ball, location: 2F 1-2: Fly out, F8 (Flyball, 8LS)
|
Top of the 3rd over - 0 run(s), 0 hit(s), 0 error(s), 0 left on base; Birmingham 0 - Jersey Shore 0 |
BOTTOM OF THE 3RD |
Jersey Shore D-Bags batting - Pitching for Birmingham Steeldogs : RHP Arthur Green
|
Batting: RHB Owen Carter
|
0-0: Ball 1-0: Called Strike 1-1: Called Strike 1-2: Strikes out swinging
|
Batting: RHB Gerardo Escobedo
|
0-0: Fly out, F9 (Flyball, 9S)
|
Batting: SHB William Martel
|
0-0: Called Strike 0-1: Ball 1-1: Ball 2-1: Swinging Strike 2-2: Strikes out swinging
|
Bottom of the 3rd over - 0 run(s), 0 hit(s), 0 error(s), 0 left on base; Birmingham 0 - Jersey Shore 0 |
TOP OF THE 4TH |
Birmingham Steeldogs batting - Pitching for Jersey Shore D-Bags : LHP Ramón Ruíz
|
Batting: LHB Glenn Garrett
|
0-0: Foul Ball, location: 2F 0-1: Ground out 4-3 (Groundball, 4M)
|
Batting: RHB Paço Ttes
|
0-0: Foul Ball, location: 2F 0-1: DOUBLE (Line Drive, 5D)
|
Batting: LHB Chris Miller
|
0-0: Fly out, F6 (Line Drive, 6M)
|
Batting: LHB Arturo Molina
|
0-0: Fly out, F4 (Popup, 34D)
|
Top of the 4th over - 0 run(s), 1 hit(s), 0 error(s), 1 left on base; Birmingham 0 - Jersey Shore 0 |
BOTTOM OF THE 4TH |
Jersey Shore D-Bags batting - Pitching for Birmingham Steeldogs : RHP Arthur Green
|
Batting: LHB Albert Morgan
|
0-0: Ball 1-0: Ball 2-0: Ground out U3 (Groundball, 3)
|
Batting: RHB Cy Keynes
|
0-0: Swinging Strike 0-1: Foul Ball, location: 2F 0-2: Ball 1-2: Ball 2-2: SINGLE (Flyball, 9S)
|
Batting: LHB Mike Bryant
|
0-0: Reached on error, E1 (Groundball, 25) Cy Keynes to second
|
Batting: LHB Dave Dodd
|
0-0: Ball 1-0: Called Strike 1-1: Foul Ball, location: 2F 1-2: Fly out, F7 (Flyball, 78S)
|
Batting: SHB Tadahisa Kisuki
|
0-0: Swinging Strike 0-1: Ground out 4-3 (Groundball, 4)
|
Bottom of the 4th over - 0 run(s), 1 hit(s), 1 error(s), 2 left on base; Birmingham 0 - Jersey Shore 0 |
TOP OF THE 5TH |
Birmingham Steeldogs batting - Pitching for Jersey Shore D-Bags : LHP Ramón Ruíz
|
Batting: RHB Raúl Soto
|
0-0: Ball 1-0: SINGLE (Line Drive, 5)
|
Batting: SHB Jesús Ramírez
|
0-0: Foul Ball, location: 2F 0-1: Ball 1-1: Foul Ball, location: 2F 1-2: Ball 2-2: Strikes out looking
|
Batting: LHB Mitchell Oglethorpe
|
0-0: Foul Ball, location: 2F 0-1: Ball 1-1: Foul Ball, location: 2F 1-2: Foul Ball, location: 2F 1-2: Strikes out swinging
|
Batting: LHB Ben Kelley
|
0-0: Ground out U3 (Groundball, 3)
|
Top of the 5th over - 0 run(s), 1 hit(s), 0 error(s), 1 left on base; Birmingham 0 - Jersey Shore 0 |
BOTTOM OF THE 5TH |
Jersey Shore D-Bags batting - Pitching for Birmingham Steeldogs : RHP Arthur Green
|
Batting: RHB Ricardo González
|
0-0: Foul Ball, location: 2F 0-1: Foul Ball, location: 2F 0-2: Ball 1-2: Ball 2-2: Ground out 1-3 (Groundball, 13)
|
Batting: RHB Owen Carter
|
0-0: Foul Ball, location: 2F 0-1: Ball 1-1: Foul Ball, location: 2F 1-2: Foul Ball, location: 2F 1-2: Ball 2-2: Ball 3-2: SINGLE (Line Drive, 89S)
|
Batting: RHB Gerardo Escobedo
|
0-0: Ball 1-0: Ball Wild Pitch! Owen Carter to second 2-0: Called Strike 2-1: Ground out 4-3 (Groundball, 4) Owen Carter to third
|
Batting: SHB William Martel
|
0-0: Ball 1-0: Fly out, F6 (Line Drive, 6D)
|
Bottom of the 5th over - 0 run(s), 1 hit(s), 0 error(s), 1 left on base; Birmingham 0 - Jersey Shore 0 |
TOP OF THE 6TH |
Birmingham Steeldogs batting - Pitching for Jersey Shore D-Bags : LHP Ramón Ruíz
|
Batting: RHB Mario Hernández
|
0-0: Ball 1-0: Called Strike 1-1: Ball 2-1: Ground out 5-3 (Groundball, 5)
|
Batting: LHB Glenn Garrett
|
0-0: Ball 1-0: Ball 2-0: Ball 3-0: Base on Balls
|
Batting: RHB Paço Ttes
|
0-0: Ball 1-0: Called Strike 1-1: Grounds into double play, 5-4-3 (Groundball, 5)
|
Top of the 6th over - 0 run(s), 0 hit(s), 0 error(s), 0 left on base; Birmingham 0 - Jersey Shore 0 |
BOTTOM OF THE 6TH |
Jersey Shore D-Bags batting - Pitching for Birmingham Steeldogs : RHP Arthur Green
|
Batting: LHB Albert Morgan
|
0-0: Called Strike 0-1: Called Strike 0-2: Ball 1-2: Ball 2-2: Fly out, F4 (Line Drive, 4M)
|
Batting: RHB Cy Keynes
|
0-0: SINGLE (Line Drive, 8RS)
|
Batting: LHB Mike Bryant
|
0-0: Foul Ball, location: 2F 0-1: Swinging Strike 0-2: Ball 1-2: Strikes out swinging
|
Batting: LHB Dave Dodd
|
0-0: Ball 1-0: Swinging Strike 1-1: Called Strike 1-2: Ball 2-2: Foul Ball, location: 2F 2-2: Ball 3-2: Strikes out swinging
|
Bottom of the 6th over - 0 run(s), 1 hit(s), 0 error(s), 1 left on base; Birmingham 0 - Jersey Shore 0 |
TOP OF THE 7TH |
Birmingham Steeldogs batting - Pitching for Jersey Shore D-Bags : LHP Ramón Ruíz
|
Batting: LHB Chris Miller
|
0-0: SOLO HOME RUN (Flyball, 9LD), Distance : 345 ft
|
Batting: LHB Arturo Molina
|
0-0: Called Strike 0-1: Swinging Strike 0-2: Strikes out swinging
|
Batting: RHB Raúl Soto
|
0-0: Called Strike 0-1: Ball 1-1: Ball 2-1: Ground out 6-3 (Groundball, 56)
|
Batting: SHB Jesús Ramírez
|
0-0: Ball 1-0: Fly out, F4 (Popup, 8RS)
|
Top of the 7th over - 1 run(s), 1 hit(s), 0 error(s), 0 left on base; Birmingham 1 - Jersey Shore 0 |
BOTTOM OF THE 7TH |
Jersey Shore D-Bags batting - Pitching for Birmingham Steeldogs : RHP Arthur Green
|
Batting: SHB Tadahisa Kisuki
|
0-0: Ball 1-0: Called Strike 1-1: Ball 2-1: SINGLE (Groundball, 34D)
|
Batting: RHB Ricardo González
|
0-0: Sac Bunt - play at first, batter OUT! 1-4 Tadahisa Kisuki to second
|
Batting: RHB Owen Carter
|
0-0: Foul Ball, location: 2F 0-1: Ball 1-1: Ball 2-1: Ball 3-1: Foul Ball, location: 2F 3-2: SINGLE (Flyball, 8RS) Tadahisa Kisuki to third
|
Pinch Hitting: RHB Yoshihide Takahashi
|
0-0: Ball 1-0: Foul Ball, location: 2F 1-1: Foul Ball, location: 2F 1-2: Strikes out swinging
|
Pinch Hitting: RHB Ryan McBride
|
0-0: Called Strike 0-1: Foul Ball, location: 2F 0-2: Strikes out swinging
|
Bottom of the 7th over - 0 run(s), 2 hit(s), 0 error(s), 2 left on base; Birmingham 1 - Jersey Shore 0 |
TOP OF THE 8TH |
Birmingham Steeldogs batting - Pitching for Jersey Shore D-Bags : LHP Ramón Ruíz
|
Pitching: LHP Hyo-chin Kim
|
|
Now at 3B: Orlando Bruno
|
|
Now at SS: Ryan McBride
|
|
Batting: LHB Mitchell Oglethorpe
|
0-0: Ball 1-0: Called Strike 1-1: Ball 2-1: Swinging Strike 2-2: Strikes out swinging
|
Batting: LHB Ben Kelley
|
0-0: Ground out 1-3 (Groundball, 25)
|
Batting: RHB Mario Hernández
|
0-0: Swinging Strike 0-1: Foul Ball, location: 2F 0-2: Ball 1-2: DOUBLE (Line Drive, 89XD)
|
Batting: LHB Glenn Garrett
|
0-0: Fly out, F5 (Popup, 6)
|
Top of the 8th over - 0 run(s), 1 hit(s), 0 error(s), 1 left on base; Birmingham 1 - Jersey Shore 0 |
BOTTOM OF THE 8TH |
Jersey Shore D-Bags batting - Pitching for Birmingham Steeldogs : RHP Arthur Green
|
Batting: LHB Albert Morgan
|
0-0: Ball 1-0: Called Strike 1-1: Ball 2-1: Ball 3-1: Fly out, F8 (Flyball, 8LXD)
|
Batting: RHB Cy Keynes
|
0-0: DOUBLE (Groundball, 5D)
|
Batting: LHB Mike Bryant
|
0-0: Swinging Strike 0-1: Ball 1-1: Ball 2-1: Swinging Strike 2-2: Ball 3-2: Strikes out swinging
|
Pitching: RHP Víctor Reyes
|
|
Batting: LHB Dave Dodd
|
0-0: Swinging Strike 0-1: Foul Ball, location: 2F 0-2: Foul Ball, location: 2F 0-2: Fly out, F8 (Flyball, 8RD)
|
Bottom of the 8th over - 0 run(s), 1 hit(s), 0 error(s), 1 left on base; Birmingham 1 - Jersey Shore 0 |
TOP OF THE 9TH |
Birmingham Steeldogs batting - Pitching for Jersey Shore D-Bags : LHP Hyo-chin Kim
|
Batting: RHB Paço Ttes
|
0-0: Ball 1-0: Called Strike 1-1: Foul Ball, location: 2F 1-2: Fly out, F3 (Popup, 3F)
|
Batting: LHB Chris Miller
|
0-0: Ball 1-0: Called Strike 1-1: Ball 2-1: Ball 3-1: Base on Balls
|
Batting: LHB Arturo Molina
|
0-0: Ball 1-0: Called Strike 1-1: Foul Ball, location: 2F 1-2: Ball 2-2: Strikes out swinging
|
Batting: RHB Raúl Soto
|
0-0: Ball 1-0: Called Strike 1-1: Fly out, F8 (Flyball, 8RXD)
|
Top of the 9th over - 0 run(s), 0 hit(s), 0 error(s), 1 left on base; Birmingham 1 - Jersey Shore 0 |
BOTTOM OF THE 9TH |
Jersey Shore D-Bags batting - Pitching for Birmingham Steeldogs : RHP Víctor Reyes
|
Pitching: LHP Juan Fuentes
|
|
Batting: SHB Tadahisa Kisuki
|
0-0: Ball 1-0: Ball 2-0: Foul Ball, location: 2F 2-1: SINGLE (Line Drive, 56)
|
Batting: RHB Ricardo González
|
0-0: Sac Bunt - play at second, runner OUT! 2-6
|
Batting: RHB Owen Carter
|
0-0: Ball 1-0: Ball 2-0: Called Strike 2-1: Swinging Strike 2-2: Foul Ball, location: 2F 2-2: Fly out, F9 (Flyball, 89M)
|
Batting: RHB Orlando Bruno
|
0-0: Ball 1-0: Ball 2-0: Reached on error, E5 (Groundball, 5) Ricardo González to second
|
Batting: RHB Ryan McBride
|
0-0: Called Strike 0-1: Ball Wild Pitch! Ricardo González to third Orlando Bruno to second 1-1: Ground out 5-3 (Groundball, 56)
|
Bottom of the 9th over - 0 run(s), 1 hit(s), 1 error(s), 2 left on base; Birmingham 1 - Jersey Shore 0 |
|